 Dungeon Sprint DCSS version 0.31-a0-920-g28cbb04a8c (webtiles) character file.

Game seed: 10129651808982943279

10798 sircluck the Brawler (level 11, -10/196 HPs)
             Began as a Troll Berserker on Oct 17, 2023.
             Was the Champion of Trog.
             Mangled by a merfolk
             ... wielding a +0 spear
             ... led by a merfolk impaler
              (19 damage)
             ... in the Dungeon (Sprint VII: "The Pits").
             The game lasted 00:04:59 (1189 turns).

sircluck the Brawler (Troll Berserker)              Turns: 1189, Time: 00:05:00

Health: -10/196    AC:  4    Str: 31    XL:     11   Next: 40%
Magic:  10/10      EV: 14    Int:  3    God:    Trog [******]
Gold:   0          SH:  0    Dex:  9    Spells: 10/10 levels left

rFire   . .          .
                       - Unarmed
rCold   . . .        (no shield)
rNeg    . . .        a - +0 animal skin
rPois   .            (helmet restricted)
rElec   .            (no cloak)
rCorr   .            (gloves unavailable)
SInv    .            (boots unavailable)
Will    .....        (no amulet) Stlth
                     (no ring)
HPRegen 1.32/turn    (no ring)
MPRegen 0.12/turn

%: no teleportation
@: berserking (expiring), very quick
A: large, unfitting armour, claws 3, regeneration 1, shaggy fur 1, tough skin 1
a: Renounce Religion, Berserk, Trog's Hand, Brothers in Arms


You were in the Dungeon.
You worshipped Trog.
Trog was exalted by your worship.
You visited 1 branch

Inventory:

Armour
 a - a +0 animal skin (worn)
Jewellery
 l - a +3 ring of protection
 m - a +3 ring of protection
Wands
 k - a wand of charming (5)
Scrolls
 g - a scroll of blinking
 i - 2 scrolls of vulnerability
 j - a scroll of butterflies
Potions
 b - 7 potions of curing
 c - 10 potions of heal wounds
 d - a potion of haste
 e - 4 potions of magic
 f - 6 potions of berserk rage
 h - 2 potions of invisibility
 n - a potion of mutation
 o - 2 potions of might
 p - a potion of resistance


   Skills:
 + Level 14.4 Fighting
 + Level 14.2 Dodging
 + Level 16.7 Unarmed Combat


You had 10 spell levels left.
You didn't know any spells.
Your spell library was empty.

Dungeon Overview and Level Annotations

Branches:
Dungeon (1/1)

Altars:
Ashenzari
Cheibriados
Dithmenos
Elyvilon
Fedhas
Gozag
Hepliaklqana
Kikubaaqudgha
Makhleb
Nemelex Xobeh
Okawaru
Qazlal
Ru
Sif Muna
Trog
Uskayaw
Vehumet
Wu Jian
Xom
Yredelemnul
Zin
The Shining One
Jiyva
Lugonu


Innate Abilities, Weirdness & Mutations

You are too large for most types of armour.
You have claws for hands.
Your natural rate of healing is unusually fast.
You are covered in fur. (AC +1)
You have tough skin. (AC +1)


Message History

You are too injured to fight recklessly!
You are too injured to fight recklessly!
You are too injured to fight recklessly!
You are too injured to fight recklessly!
You are too injured to fight recklessly!
You are too injured to fight recklessly!
You are too injured to fight recklessly!
You are too injured to fight recklessly!
You are too injured to fight recklessly!
You are too injured to fight recklessly!
You are too injured to fight recklessly!
You barely miss the merfolk impaler.
The merfolk impaler is moderately wounded.
The merfolk hits you with a +0 spear!
* * * LOW HITPOINT WARNING * * *
You claw the merfolk impaler!
The merfolk impaler is heavily wounded.
The merfolk impaler barely misses you.
The merfolk hits you from afar with a +0 spear.
* * * LOW HITPOINT WARNING * * *
You mangle the merfolk impaler!! You claw the merfolk impaler!
You kill the merfolk impaler!
Trog accepts your kill.
Unknown command.
Unknown command.
Unknown command.
You eviscerate the merfolk!!!
The merfolk is almost dead.
The merfolk hits you with a +0 spear!!
* * * LOW HITPOINT WARNING * * *
The merfolk hits you from afar with a +0 spear!
* * * LOW HITPOINT WARNING * * *
You barely miss the merfolk.
The merfolk is almost dead.
You mangle the merfolk!!
You kill the merfolk!
Trog accepts your kill.
You barely miss the occultist. Your claw misses the occultist.
The merfolk hits you from afar with a +0 spear!!
You die...

###''####''########
#......##..........
#.#+##.##....)).... #.#
:+.##..########
#.+)=#.##..# #.#.)'.##..#
##++###########.' .#.##..#
.........##..##)##)#.##..#
..#......##..##)@pm..##..#
.........''.)##########..#
.........''..##########).#
..#......##...........)..#
.........##..............#
##''######################
##''##### ##......#
##......#


You could see a merfolk and an occultist.

Vanquished Creatures
  Donald (D)
  A nagaraja (D)
  A war gargoyle (D)
  A merfolk impaler (D)
  A death yak (D)
  2 bog bodies (D)
  A lindwurm (D)
  A deep elf zephyrmancer (D)
  Pikel (D)
  A cane toad (D)
  A merfolk (D)
  A blink frog (D)
  A small abomination (D)
  A redback (D)
  A sky beast (D)
  A floating eye (D)
  An orc warrior (D)
  A lemure (D)
  A scorpion (D)
  3 wights (D)
  A quasit (D)
  A hound (D)
  A gnoll bouda (D)
  4 gnolls (D)
  An ufetubus (D)
  An adder skeleton (D)
  4 orcs (D)
  13 jackals (D)
  A kobold (D)
  2 rats (D)
52 creatures vanquished.

Vanquished Creatures (collateral kills)
  A deep elf sorcerer (D)
  A dire elephant (D)
  A rime drake (D)
  4 blink frogs (D)
  2 merfolk (D)
  A ball python skeleton (D)
10 creatures vanquished.

Vanquished Creatures (others)
  A water moccasin (D)
1 creature vanquished.

Grand Total: 63 creatures vanquished

Notes
Turn   | Place    | Note
-------+----------+-------------------------------------------
     0 | D        | sircluck the Troll Berserker began the quest for the Orb.
     0 | D        | Reached XP level 1. HP: 22/22 MP: 0/0
    47 | D        | Found a bloodstained altar of Trog.
    47 | D        | Found a shimmering blue altar of Sif Muna.
    47 | D        | Found a viscous altar of Jiyva.
    47 | D        | Found a hazy altar of Hepliaklqana.
    47 | D        | Found an opulent altar of Gozag.
    48 | D        | Found a glowing golden altar of the Shining One.
    48 | D        | Found a glowing silver altar of Zin.
    48 | D        | Found a basalt altar of Yredelemnul.
    48 | D        | Found a shimmering altar of Xom.
    48 | D        | Found an ornate altar of the Wu Jian Council.
    48 | D        | Found a sacrificial altar of Ru.
    48 | D        | Found a stormy altar of Qazlal.
    48 | D        | Found an iron altar of Okawaru.
    48 | D        | Found a sparkling altar of Nemelex Xobeh.
    48 | D        | Found a burning altar of Makhleb.
    48 | D        | Found a blossoming altar of Fedhas.
    48 | D        | Found a white marble altar of Elyvilon.
    48 | D        | Found a shadowy altar of Dithmenos.
    48 | D        | Found a snail-covered altar of Cheibriados.
    51 | D        | Found a corrupted altar of Lugonu.
    51 | D        | Found a radiant altar of Vehumet.
    52 | D        | Found an ancient bone altar of Kikubaaqudgha.
    52 | D        | Found a hide-covered altar of Uskayaw.
    52 | D        | Found a broken altar of Ashenzari.
    92 | D        | Noticed a scorpion
    94 | D        | Reached ** piety under Trog
    98 | D        | Killed a scorpion
    99 | D        | Reached skill level 5 in Unarmed Combat
    99 | D        | Reached XP level 2. HP: 29/33 MP: 1/1
    99 | D        | Reached XP level 3. HP: 35/40 MP: 2/2
   110 | D        | Noticed a floating eye
   113 | D        | Reached *** piety under Trog
   115 | D        | Killed a floating eye
   116 | D        | Reached skill level 5 in Fighting
   116 | D        | Reached skill level 5 in Dodging
   116 | D        | Reached skill level 6 in Unarmed Combat
   116 | D        | Reached XP level 4. HP: 51/52 MP: 3/3
   116 | D        | Reached XP level 5. HP: 58/59 MP: 4/4
   128 | D        | Reached **** piety under Trog
   132 | D        | Reached skill level 7 in Unarmed Combat
   142 | D        | Reached ***** piety under Trog
   267 | D        | Noticed an orc warrior
   278 | D        | Reached XP level 6. HP: 68/68 MP: 5/5
   287 | D        | Killed an orc warrior
   288 | D        | Reached skill level 8 in Unarmed Combat
   294 | D        | Reached ****** piety under Trog
   320 | D        | Noticed a bog body
   326 | D        | Killed a bog body
   326 | D        | Received a gift from Trog
   327 | D        | Reached skill level 10 in Unarmed Combat
   327 | D        | Reached XP level 7. HP: 17/81 MP: 6/6
   367 | D        | Noticed Pikel
   388 | D        | Killed Pikel
   389 | D        | Reached skill level 11 in Unarmed Combat
   389 | D        | Reached XP level 8. HP: 60/92 MP: 7/7
   418 | D        | Noticed a rime drake
   418 | D        | Noticed a blink frog
   418 | D        | Noticed a blink frog
   418 | D        | Noticed a blink frog
   418 | D        | Noticed a blink frog
   418 | D        | Noticed a blink frog
   429 | D        | Killed a blink frog
   429 | D        | Killed a blink frog
   430 | D        | Reached skill level 10 in Fighting
   430 | D        | Killed a rime drake
   431 | D        | Reached skill level 10 in Dodging
   431 | D        | Reached skill level 12 in Unarmed Combat
   431 | D        | Reached XP level 9. HP: 34/102 MP: 8/8
   442 | D        | Received a gift from Trog
   448 | D        | Found the +7 lajatang of Order {silver, rMut}
   581 | D        | Reached skill level 13 in Unarmed Combat
   701 | D        | Noticed a bog body
   713 | D        | Killed a bog body
   713 | D        | Received a gift from Trog
   766 | D        | Noticed a deep elf zephyrmancer
   766 | D        | Noticed a war gargoyle
   774 | D        | Killed a war gargoyle
   775 | D        | Reached skill level 14 in Unarmed Combat
   775 | D        | Reached XP level 10. HP: 52/115 MP: 9/9
   780 | D        | Killed a deep elf zephyrmancer
   845 | D        | Noticed a lindwurm
   846 | D        | Noticed Donald
   850 | D        | Killed a lindwurm
   855 | D        | Killed Donald
   855 | D        | Received a gift from Trog
   856 | D        | Reached skill level 15 in Unarmed Combat
   911 | D        | Noticed a cane toad
   912 | D        | Noticed a death yak
   915 | D        | Killed a cane toad
   921 | D        | Killed a death yak
   957 | D        | Noticed a nagaraja
   972 | D        | Killed a nagaraja
   973 | D        | Reached XP level 11. HP: 31/127 MP: 10/10
   977 | D        | HP: 5/127 [poisoned by a nagaraja (poison arrow)]
   982 | D        | HP: 6/127 [poisoned by a nagaraja (poison arrow)]
  1168 | D        | Found the +5 demon whip "Spellbinder" {antimagic, disrupt,
                  | Will+}
  1168 | D        | Noticed an occultist
  1168 | D        | Noticed a dire elephant
  1169 | D        | Killed a dire elephant
  1170 | D        | Reached skill level 16 in Unarmed Combat
  1172 | D        | Noticed a merfolk impaler
  1173 | D        | Noticed a deep elf sorcerer
  1175 | D        | Killed a deep elf sorcerer
  1175 | D        | Received a gift from Trog
  1185 | D        | Killed a merfolk impaler
  1186 | D        | HP: 7/196 [merfolk/+0 spear[a merfolk impaler] (8)]
  1189 | D        | Mangled by a merfolk

Illustrated notes

Levels and vault maps discovered:
D:        pitsprint [storerooms_1, entrance_room_1, metal_vault_2, armoury_1,
          mini_pit_1, grid_room_1, main_hall_1, silver_pit, the_coven_2,
          the_vestibule_1, steel_vault_1, golden_pit, hallway_of_sentries,
          crystal_vault_4, iron_vault_4, final_vault]

Skill      XL: |  1  2  3  4  5  6  7  8  9 10 11 |
---------------+----------------------------------+-----
Fighting       | 4 5 6 8 9 10 12 13 14 | 14.4
Dodging        | 4 5 6 8 9 10 12 13 14 | 14.2
Unarmed Combat | 5 6 7 10 11 12 14 15 16 | 16.7

Action                     |  1- 3 |  4- 6 |  7- 9 | 10-12 || total
---------------------------+-------+-------+-------+-------++-------
  Melee: Unarmed           |    16 |    48 |    49 |    32 ||   145
         Punch             |       |     3 |     3 |     3 ||     9
 Invoke: Brothers in Arms  |       |       |     1 |     3 ||     4
         Berserk           |       |       |     2 |     3 ||     5
   Stab: Sleeping          |       |     1 |       |       ||     1
 Armour: Animal skin       |    13 |    28 |    30 |    24 ||    95
  Dodge: Dodged            |     8 |    25 |    22 |    11 ||    66

Table legend: (Time is in decaauts)
 A = Elapsed time spent in this place.
 B = Non-inter-level travel time spent in this place.
 C = Inter-level travel time spent in this place.
 D = Time resting spent in this place.
 E = Time spent auto-exploring this place.
 F = Levels seen in this place.
 G = Mean time per level.
                   A        B        C        D        E       F      G
               +--------+--------+--------+--------+--------+-----+--------+
         Total |   1232 |   1232 |      0 |    451 |    241 |   1 | 1232.0 |
       Dungeon |   1232 |   1232 |      0 |    451 |    241 |   1 | 1232.0 |
               +--------+--------+--------+--------+--------+-----+--------+

Top non-repeatable levels by time:
       D: 1232 daAuts
